 Dungeon Crawl Stone Soup version 0.28-a0-178-ga708605c5b (webtiles) character file.

Game seed: 2426577382870236702

9 Ezendos the Stinger (level 2, 0/27 HPs)
             Began as an Ogre Venom Mage on Aug 17, 2021.
             Slain by a hobgoblin (2 damage)
             ... on level 1 of the Dungeon.
             The game lasted 00:00:52 (104 turns).

Ezendos the Stinger (Ogre Venom Mage)                Turns: 104, Time: 00:00:53

Health: 0/27       AC:  3    Str: 11    XL:     2   Next: 12%
Magic:  1/5        EV:  9    Int: 16    God:
Gold:   12         SH:  0    Dex:  9    Spells: 5/6 levels left

rFire   . . .      SeeInvis .   (no weapon)
rCold   . . .      Faith    .   (no shield)
rNeg    . . .      Spirit   .   a - +0 robe
rPois   .          Reflect  .   (helmet restricted)
rElec   .          Harm     .   (no cloak)
rCorr   .          Rampage  .   (gloves unavailable)
Will    .....                   (boots unavailable)
Stlth   ++........              (no amulet)
HPRegen 0.09/turn               (no ring)
MPRegen 0.09/turn               (no ring)

@: no status effects
A: large, unfitting armour, tough skin 1
a: no special abilities


You were on level 1 of the Dungeon.
You visited 1 branch of the dungeon, and saw 1 of its levels.

You collected 12 gold pieces.

Inventory:

Armour
 a - a +0 robe (worn)


   Skills:
 + Level 1.0 Fighting
 - Level 1.7 Dodging
 + Level 1.6 Stealth
 + Level 2.6 Spellcasting
 - Level 0.8 Transmutations
 + Level 2.8 Poison Magic


You had 5 spell levels left.
You knew the following spells:

 Your Spells              Type           Power      Damage    Failure   Level
a - Sting                 Tmut/Pois      32%        1d4       9%          1

Your spell library contained the following spells:

 Spells                   Type           Power      Damage    Failure   Level
 Poisonous Vapours        Pois/Air       12%        N/A       16%         2
 Mephitic Cloud           Conj/Pois/Air  5%         N/A       36%         3
 Olgreb's Toxic Radiance  Pois           11%        N/A       52%         4


Dungeon Overview and Level Annotations

Branches:
Dungeon (1/15)

Altars:


Innate Abilities, Weirdness & Mutations

You are too large for most types of armour.
You have tough skin. (AC +1)


Message History

Casting: Sting (safe; 10% risk of failure)
Confirm with . or Enter, or press ? or * to list all spells.
Aiming: Sting (safe; 10% risk of failure)
Press: ? - help, Shift-Dir - straight line, f - hobgoblin
Aim: a hobgoblin (68% to hit)
The sting misses the hobgoblin.
The sting hits the dart slug.
The dart slug is poisoned.
The dart slug is moderately wounded.
The hobgoblin hits you.
Unknown command.
Casting: Sting (safe; 10% risk of failure)
Confirm with . or Enter, or press ? or * to list all spells.
You don't have enough magic to cast this spell.
You hit the hobgoblin but do no damage. The hobgoblin hits you.
You barely miss the hobgoblin. The hobgoblin hits you.
* * * LOW HITPOINT WARNING * * *
You barely miss the hobgoblin. The hobgoblin barely misses you.
You kill the dart slug!
Your Fighting skill increases to level 1!
You have reached level 2!
Casting: Sting (safe; 9% risk of failure)
Confirm with . or Enter, or press ? or * to list all spells.
You don't have enough magic to cast this spell.
Unknown command.
A goblin comes into view. It is wielding a +0 club.
The goblin shouts!
The goblin barely misses you.
You hit the goblin but do no damage. The hobgoblin barely misses you.
The goblin hits you with a +0 club.
* * * LOW HITPOINT WARNING * * *
As you read the scroll labelled YFOSASCH REHEUZ, it crumbles to dust.
The creatures around you are filled with an inner flame!
It was a scroll of immolation.
The hobgoblin barely misses you. The goblin hits you with a +0 club.
* * * LOW HITPOINT WARNING * * *
You aren't carrying any scrolls.
Unknown command.
You aren't carrying any potions.
You hit the hobgoblin but do no damage. The hobgoblin hits you.
You die...

............$....
#######.#.#####.#
#....††.#.# #.# .#
#.#####.#.# #.# .#
#.#####.#.#####.##.#.
#....##.#..........#.
####.##.#............
#g##..............
#@##..##..##.....#
#g###.............
#.# #..(##♣♣♣.♣♣♣#
#.# ##..# ♣⌠♣ #.#
#..♣♣♣♣♣.♣♣♣♣ ..#
#.....⌠.<.⌠.. ###
#..♣♣♣♣♣.♣♣♣♣ #..#
♣⌠♣ #..# ♣.♣


You could see a hobgoblin (inner flame) and a goblin (inner flame).

Vanquished Creatures
  2 dart slugs (D:1)
  An endoplasm (D:1)
  2 bats (D:1)
5 creatures vanquished.

Notes
Turn   | Place    | Note
-------+----------+-------------------------------------------
     0 | D:1      | Ezendos the Ogre Venom Mage began the quest for the Orb.
     0 | D:1      | Reached XP level 1. HP: 16/16 MP: 3/3
    94 | D:1      | Reached skill level 1 in Fighting
    94 | D:1      | Reached XP level 2. HP: 7/27 MP: 0/5
   104 | D:1      | Slain by a hobgoblin

Illustrated notes

Levels and vault maps discovered:
D:1:      scummos_arrival_forest, layout_basic, shapermc_ecumenical_altar_venn

Skill      XL: |  1 |
---------------+----+-----
Fighting       | 1 |  1.0
Dodging        | |  1.7
Stealth        | |  1.6
Spellcasting   | |  2.6
Transmutations | |  0.8
Poison Magic   | |  2.8

Action                   || total
-------------------------++-------
Melee: Unarmed           ||     9
 Cast: Sting             ||     8
  Use: Scroll            ||     1
Armor: Robe              ||     4
Dodge: Dodged            ||     8

Table legend: (Time is in decaauts)
 A = Elapsed time spent in this place.
 B = Non-inter-level travel time spent in this place.
 C = Inter-level travel time spent in this place.
 D = Time resting spent in this place.
 E = Time spent auto-exploring this place.
 F = Levels seen in this place.
 G = Mean time per level.
                   A        B        C        D        E       F      G
               +--------+--------+--------+--------+--------+-----+--------+
         Total |    104 |    104 |      0 |      0 |     55 |   1 |  104.0 |
       Dungeon |    104 |    104 |      0 |      0 |     55 |   1 |  104.0 |
               +--------+--------+--------+--------+--------+-----+--------+

Top non-repeatable levels by time:
     D:1: 104 daAuts
